 Dungeon Crawl Stone Soup version 0.30-a0-728-gc68057be0a (webtiles) character file.

Game seed: 7922944702710960849

252 hikkokomori the Slasher (level 6, -7/38 HPs)
             Began as a Tengu Reaver on Feb 1, 2023.
             Splashed by a jelly's acid (8 damage)
             ... on level 4 of the Dungeon.
             The game lasted 00:04:11 (3040 turns).

hikkokomori the Slasher (Tengu Reaver)              Turns: 3040, Time: 00:04:12

Health: -7/38      AC: -9    Str: 12    XL:     6   Next: 13%
Magic:  10/10      EV: 14    Int: 13    God:
Gold:   213        SH:  0    Dex: 21    Spells: 8/9 levels left

rFire   . . .      SeeInvis .    a - +0 falchion
rCold   . . .      Faith    .    (no shield)
rNeg    + . .      Spirit   .    b - +0 leather armour
rPois   .          Reflect  .    (helmet restricted)
rElec   .          Harm     .    (no cloak)
rCorr   .          Rampage  .    (no gloves)
Will    .....                    (boots unavailable)
Stlth   +++                      (no amulet)
HPRegen 0.26/turn                c - ring of positive energy
MPRegen 0.12/turn                h - +6 ring of dexterity

@: corroded, flying quickly and evasively, quick
A: beak, talons 3, nimble flight
a: no special abilities


You were on level 4 of the Dungeon.
You visited 1 branch of the dungeon, and saw 4 of its levels.

You collected 213 gold pieces.

Inventory:

Hand Weapons
 a - a +0 falchion (weapon)
Armour
 b - a +0 leather armour (worn)
Jewellery
 c - a ring of positive energy (left hand)
 h - a +6 ring of dexterity (right hand)
Scrolls
 d - 2 scrolls of poison {unknown}
 f - 2 scrolls of blinking {unknown}
 g - 2 scrolls of noise {unknown}
 i - a scroll of enchant armour {unknown}
 k - 2 scrolls of identify {unknown}
 m - 2 scrolls of magic mapping {unknown}
 n - a scroll of vulnerability {unknown}
 o - a scroll of amnesia {unknown}
 q - a scroll of teleportation {unknown}
Potions
 e - 2 potions of ambrosia {unknown}
 j - a potion of invisibility {unknown}
 l - a potion of flight {unknown}
 p - a potion of degeneration {unknown}
 r - 2 potions of curing {unknown}


   Skills:
 + Level 3.9 Fighting
 + Level 5.0 Long Blades
 - Level 2.1 Dodging
 + Level 3.5 Stealth
 - Level 2.0 Spellcasting
 - Level 4.0 Conjurations


You had 8 spell levels left.
You knew the following spells:

 Your Spells              Type           Power      Damage    Failure   Level
a - Kiss of Death         Conj/Necr      24%        2d7       14%         1

Your spell library contained the following spells:

 Spells                   Type           Power      Damage    Failure   Level
 Momentum Strike          Conj/Tloc      12%        3d8       22%         2
 Hailstorm                Conj/Ice       6%         3d4       38%         3
 Ozocubu's Armour         Ice            1%         N/A       67%         3
 Ozocubu's Refrigeration  Ice            0%         4d7       100%        7


Dungeon Overview and Level Annotations

Branches:
Dungeon (4/15)
 Temple: D:4-7

Altars:
Gozag
Xom


Innate Abilities, Weirdness & Mutations

You have a beak for a mouth.
You have claws for feet.
Your magical nature lets you fly swiftly and evasively.


Message History

You are too injured to fight recklessly!
You are too injured to fight recklessly!
You are too injured to fight recklessly!
You are too injured to fight recklessly!
You are too injured to fight recklessly!
You are too injured to fight recklessly!
You are too injured to fight recklessly!
You are too injured to fight recklessly!
You are too injured to fight recklessly!
You are too injured to fight recklessly!
You are too injured to fight recklessly!
You are too injured to fight recklessly!
You are too injured to fight recklessly!
You are too injured to fight recklessly!
You are too injured to fight recklessly!
You are too injured to fight recklessly!
You are too injured to fight recklessly!
You are too injured to fight recklessly!
You hit the jelly but do no damage.
Your hands burn!
* * * LOW HITPOINT WARNING * * *
You claw the jelly, but do no damage.
The jelly is severely wounded.
The jelly barely misses you.
You barely miss the jelly. You claw the jelly.
You peck the jelly, but do no damage.
The jelly is almost dead.
The jelly misses you.
You hit the jelly but do no damage. The acid corrodes you!
Your hands burn!
* * * LOW HITPOINT WARNING * * *
You claw the jelly, but do no damage. You peck the jelly, but do no damage.
The jelly is almost dead.
The jelly misses you.
You hit the jelly.
Your hands burn!
* * * LOW HITPOINT WARNING * * *
You peck the jelly, but do no damage.
The jelly is almost dead.
The jelly hits you.
* * * LOW HITPOINT WARNING * * *
You are splashed with acid!
You die...

###### #.#.....#
#...).).# ###
###...#.# .#.. ###
#.#...#####...
..########..##':....'#
#...........#.#.....#)
##########..###.....#
. ...#...#...#...#
###......@J...#.
####....>..##
#......## #.(....#
#......# ########


You could see a jelly.

Vanquished Creatures
  A scorpion (D:4)
  An orc priest (D:3)
  4 gnolls (D:3)
  4 adders
  2 worms
  A dart slug (D:3)
  4 orcs
  6 endoplasms
  8 giant cockroaches
  5 goblins
  8 hobgoblins
  2 jackals (D:1)
  4 kobolds (D:4)
  A quokka (D:2)
  6 ball pythons
  9 bats
  5 frilled lizards
  5 rats
76 creatures vanquished.

Notes
Turn   | Place    | Note
-------+----------+-------------------------------------------
     0 | D:1      | hikkokomori the Tengu Reaver began the quest for the Orb.
     0 | D:1      | Reached XP level 1. HP: 12/12 MP: 4/4
   245 | D:1      | Reached XP level 2. HP: 17/17 MP: 6/6
   257 | D:1      | Reached skill level 1 in Stealth
   890 | D:2      | Reached XP level 3. HP: 22/22 MP: 7/7
  1349 | D:2      | Reached skill level 4 in Long Blades
  1457 | D:3      | Reached XP level 4. HP: 27/27 MP: 8/8
  1611 | D:3      | HP: 1/28 [gnoll/+0 club (5)]
  1905 | D:3      | Found an opulent altar of Gozag.
  1908 | D:3      | Gained mutation: Your magical nature lets you fly swiftly
                  | and evasively. [Tengu growth]
  1908 | D:3      | Reached XP level 5. HP: 32/32 MP: 9/9
  1933 | D:3      | Found a shimmering altar of Xom.
  2646 | D:4      | Reached XP level 6. HP: 17/38 MP: 10/10
  3017 | D:4      | Reached skill level 5 in Long Blades
  3040 | D:4      | HP: 1/38 [jelly (2)]
  3040 | D:4      | Splashed by a jelly's acid

Illustrated notes

Levels and vault maps discovered:
D:1:      dpeg_arrival_houses_and_road, layout_basic
D:2:      layout_loops_ring
D:3:      layout_loops_ring, mainiacjoe_overflow_large_starburst,
          patterned_corridor
D:4:      layout_rooms, minmay_fractal_squares_diagonal_5

Skill      XL: |  1  2  3  4  5  6 |
---------------+-------------------+-----
Stealth        | 1 2 3 |  3.5
Long Blades    | 4 5 |  5.0
Fighting       | 3 |  3.9
Dodging        | |  2.1
Spellcasting   | |  2.0
Conjurations   | |  4.0

Action                     |  1- 3 |  4- 6 || total
---------------------------+-------+-------++-------
  Melee: Falchion          |    92 |    95 ||   187
         Kick              |    20 |    34 ||    54
         Peck              |    13 |    22 ||    35
         Punch             |     1 |     2 ||     3
    Use: Potion            |       |     2 ||     2
   Stab: Sleeping          |     4 |     3 ||     7
         Distracted        |       |     2 ||     2
 Armour: Leather armour    |    31 |    12 ||    43
  Dodge: Dodged            |    59 |    56 ||   115

Table legend: (Time is in decaauts)
 A = Elapsed time spent in this place.
 B = Non-inter-level travel time spent in this place.
 C = Inter-level travel time spent in this place.
 D = Time resting spent in this place.
 E = Time spent auto-exploring this place.
 F = Levels seen in this place.
 G = Mean time per level.
                   A        B        C        D        E       F      G
               +--------+--------+--------+--------+--------+-----+--------+
         Total |   2977 |   2931 |     46 |    348 |   2007 |   4 |  744.2 |
       Dungeon |   2977 |   2931 |     46 |    348 |   2007 |   4 |  744.2 |
               +--------+--------+--------+--------+--------+-----+--------+

Top non-repeatable levels by time:
     D:3: 956 daAuts
     D:1: 878 daAuts
     D:2: 594 daAuts
     D:4: 547 daAuts
